 Dungeon Crawl Stone Soup version 0.24.0-13-gcf9b319 (webtiles) character file.

Game seed: 10316540944931663492, levelgen mode: deterministic

247 Fang the Skirmisher (level 6, -2/39 HPs)
             Began as a Gargoyle Berserker on Nov 20, 2019.
             Was a Believer of Trog.
             Slain by a wyvern zombie (6 damage)
             ... in an ossuary.
             The game lasted 00:02:45 (3007 turns).

Fang the Skirmisher (Gargoyle Berserker)            Turns: 3007, Time: 00:02:46

Health: -2/39      AC: 13    Str: 22    XL:     6   Next: 11%
Magic:  6/6        EV:  9    Int:  8    God:    Trog [**....]
Gold:   218        SH:  3    Dex:  9    Spells: 5/5 levels left

rFire    . . .     SeeInvis .   a - +0 war axe
rCold    . . .     Gourm    .   (no shield)
rNeg     + . .     Faith    .   b - +0 chain mail
rPois    ∞         Spirit   .   (no helmet)
rElec    +         Reflect  +   (no cloak)
rCorr    .         Harm     .   (no gloves)
MR       ++...                  (no boots)
Stlth    ..........             k - +3 amulet of reflection
HPRegen  1.13/turn              (no ring)
MPRegen  0.10/turn              (no ring)

@: berserk cooldown, regenerating, slowed, very slow
A: negative energy resistance 1, electricity resistance, unbreathing,
petrification resistance, rot immunity, AC +4
a: Berserk, Trog's Hand, Renounce Religion


You were in an ossuary.
You worshipped Trog.
Trog was pleased with you.
You were hungry.

You visited 1 branch of the dungeon, and saw 4 of its levels.
You also visited: Ossuary.

You collected 218 gold pieces.

Inventory:

Hand Weapons
 a - a +0 war axe (weapon)
Armour
 b - a +0 chain mail (worn)
Jewellery
 k - a +3 amulet of reflection (around neck)
 n - an uncursed ring of flight {unknown}
 p - an uncursed ring of resist corrosion {unknown}
Wands
 j - a wand of disintegration (14)
Scrolls
 d - 2 scrolls of amnesia {unknown}
 e - 2 scrolls of remove curse {unknown}
 f - 2 scrolls of identify {unknown}
 g - a scroll of immolation {unknown}
 h - a scroll of magic mapping {unknown}
 o - a scroll of fog {unknown}
Potions
 i - a potion of brilliance {unknown}
 m - 2 potions of berserk rage {unknown}
 q - a potion of heal wounds {unknown}
Comestibles
 c - 9 rations


   Skills:
 + Level 4.6 Fighting
 + Level 3.7 Axes
 + Level 3.8 Armour
 + Level 2.9 Dodging


You had 5 spell levels left.
You didn't know any spells.
Your spell library was empty.

Dungeon Overview and Level Annotations

Branches:
Dungeon (4/15)            Ossuary (1/1)
 Temple: D:4-7

Altars:
Dithmenos
Elyvilon
Ru
Xom


Innate Abilities, Weirdness & Mutations

You are resistant to torment.
Your stone body is resilient. (AC +4)
You are immune to poison.
You resist negative energy. (rN+)
You are resistant to electric shocks. (rElec)
You can survive without breathing.
You are immune to petrification.
You are immune to rotting.


Message History

The wyvern zombie bites you but does no damage.
You hit the wyvern zombie.
The wyvern zombie is lightly damaged.
The wyvern zombie bites you but does no damage.
The wyvern zombie bites you.
You completely miss the wyvern zombie.
The wyvern zombie is lightly damaged.
The wyvern zombie bites you. The wyvern zombie bites you!
* * * LOW HITPOINT WARNING * * *
The wyvern zombie bites you but does no damage.
You slash the wyvern zombie!
The wyvern zombie is moderately damaged.
You block the wyvern zombie's attack.
The wyvern zombie bites you but does no damage.
The wyvern zombie bites you.
* * * LOW HITPOINT WARNING * * *
Your unstable footing causes you to fumble your attack.
The wyvern zombie bites you but does no damage.
The wyvern zombie bites you.
You die... ## ≈ #≈≈ ###≈ # #≈≈#≈≈##≈# P#P

#P≈.≈≈### ##
≈≈.≈.#+#'##≈≈#≈≈#
≈≈≈...≈≈≈.P#≈≈≈≈#
##.#####≈≈#≈##≈≈#
#...#≈..≈#≈≈≈#
#.∩.≈@##≈#≈≈##
#∩..#Z'.#≈≈≈≈#
#####≈##≈≈#≈##
+..P≈≈≈#≈#
#≈≈#≈≈#≈≈#
#≈.P≈#≈≈≈#
!≈≈≈≈≈≈≈≈≈#
!!#..P≈≈≈#≈#
####≈##≈≈≈≈≈#


You could see a wyvern zombie.

Vanquished Creatures
  A centaur zombie (Ossuary)
  Crazy Yiuf (D:3)
  A centaur skeleton (D:4)
  An orc wizard (D:3)
  2 mummies (Ossuary)
  An adder (D:3)
  A worm (D:3)
  A leopard gecko (D:3)
  2 orcs (D:3)
  A ball python (D:3)
  11 bats
  5 giant cockroaches
  10 goblins
  5 hobgoblins
  5 frilled lizards
  8 kobolds
  A quokka skeleton (D:4)
  7 rats
64 creatures vanquished.

Vanquished Creatures (others)
  2 withered plants (Ossuary)
2 creatures vanquished.

Grand Total: 66 creatures vanquished

Notes
Turn   | Place    | Note
-------+----------+-------------------------------------------
     0 | D:1      | Fang the Gargoyle Berserker began the quest for the Orb.
     0 | D:1      | Reached XP level 1. HP: 14/14 MP: 1/1
   344 | D:1      | Reached XP level 2. HP: 18/19 MP: 2/2
   868 | D:1      | Reached XP level 3. HP: 23/23 MP: 3/3
  1141 | D:2      | Reached ** piety under Trog
  1861 | D:3      | Reached XP level 4. HP: 16/29 MP: 4/4
  1867 | D:3      | Reached skill level 4 in Fighting
  1897 | D:3      | Found a white marble altar of Elyvilon.
  2154 | D:3      | Found a shadowy altar of Dithmenos.
  2306 | D:3      | Found a runed translucent door.
  2307 | D:3      | Noticed Crazy Yiuf
  2491 | D:3      | Killed Crazy Yiuf
  2491 | D:3      | Reached XP level 5. HP: 33/33 MP: 3/5
  2623 | D:4      | Found a shimmering altar of Xom.
  2627 | D:4      | Found a sacrificial altar of Ru.
  2849 | D:4      | Found a sand-covered staircase.
  2944 | Ossuary  | Entered an ossuary
  2988 | Ossuary  | Reached XP level 6. HP: 27/39 MP: 6/6
  3006 | Ossuary  | HP: 1/39 [wyvern zombie (4)]
  3007 | Ossuary  | Slain by a wyvern zombie

Levels and vault maps discovered:
D:1:      dpeg_arrival_castle, layout_basic, chequers_serial_rivers_micro_b,
          item_on_display_a
D:2:      layout_basic, first_ration
D:3:      layout_rooms, lemuel_round_altar, nicolae_dithmenos_shadow_blocks,
          chequers_serial_rivers_micro_a, kennysheep_generic_room_5,
          uniq_crazy_yiuf_cottage
D:4:      layout_basic, grunt_temple_overflow_open,
          nicolae_ossuary_entry_false_entrances
Ossuary:  ossuary_zaba_flooded

Skill      XL: |  1  2  3  4 |
---------------+-------------+-----
Axes           | 3 |  3.7
Dodging        | 2 |  2.9
Fighting       | 4 |  4.6
Armour         | 3 |  3.8

Action                   |  1- 3 |  4- 6 || total
-------------------------+-------+-------++-------
Melee: Hand axe          |    91 |       ||    91
       War axe           |    24 |   119 ||   143
Invok: Berserk           |       |     2 ||     2
       Trog's Hand       |       |     1 ||     1
 Stab: Sleeping          |     1 |       ||     1
  Eat: Chunk             |     2 |     6 ||     8
Armor: Chain mail        |   105 |    98 ||   203
       Animal skin       |     4 |       ||     4
Dodge: Dodged            |    58 |    61 ||   119
Block: Other             |     6 |    25 ||    31
       Reflection        |       |     2 ||     2
